 Dungeon Crawl Stone Soup version 0.31-a0-960-g0fca184906 (webtiles) character file.

Game seed: 11599554708499823765

2 BigDaddyOpFi the Sneak (level 1, -3/18 HPs)
             Began as a Demonspawn Delver on Oct 23, 2023.
             Slain by an iguana (14 damage)
             ... on level 4 of the Dungeon.
             The game lasted 00:00:36 (100 turns).

BigDaddyOpFi the Sneak (Demonspawn Delver)           Turns: 100, Time: 00:00:37

Health: -3/18      AC:  3    Str: 12    XL:     1   Next: 25%
Magic:  1/1        EV: 11    Int: 11    God:
Gold:   20         SH:  0    Dex: 14    Spells: 0/0 levels left

rFire   . . .        a - +0 hand axe
rCold   . . .        (no shield)
rNeg    . . .        b - +0 leather armour
rPois   .            (no helmet)
rElec   .            (no cloak)
rCorr   .            (no gloves)
SInv    +            (no boots)
Will    .....        (no amulet)
Stlth   ++           (no ring)
HPRegen 0.23/turn    (no ring)
MPRegen 0.07/turn

%: no passive effects
@: no status effects
A: no striking features
a: no special abilities


You were on level 4 of the Dungeon.
You visited 1 branch of the dungeon, and saw 2 of its levels.

You collected 20 gold pieces.

Inventory:

Hand Weapons
 a - a +0 hand axe (weapon)
Armour
 b - a +0 leather armour (worn)
Wands
 g - a wand of digging (3)
Scrolls
 c - a scroll of fog
 e - a scroll of fear
 h - a scroll of vulnerability {unknown}
 i - a scroll of poison {unknown}
Potions
 f - a potion of haste


   Skills:
 + Level 3.0 Fighting
 + Level 1.8 Axes
 + Level 1.8 Dodging
 + Level 4.5 Stealth


You couldn't memorise any spells.
You didn't know any spells.
Your spell library was empty.

Dungeon Overview and Level Annotations

Branches:
Dungeon (5/15)
 Temple: D:4-7

Altars:


Message History

i - a scroll labelled ORHAGRI CAXTETY
Found 13 gold pieces.
You hit the orc.
The orc is almost dead.
The orc hits you with a +0 short sword.
You hit the orc.
You kill the orc!
A hound comes into view.
Found a rapier.
The hound barks!
You see here 13 gold pieces.
You now have 20 gold pieces (gained 13).
The hound stops to sniff the ground.
The hound attacks as it pursues you! The hound closely misses you.
The hound bites you. The hound attacks as it pursues you! The hound bites you.
The hound misses you. The hound bites you.
You feel yourself speed up. The hound misses you. x2
There is a stone staircase leading down here.
The hound attacks as it pursues you! The hound bites you but does no damage.
Found a scroll labelled SUXTOJ EBUUWK.
The hound misses you. The hound attacks as it pursues you!
The hound barely misses you. The hound attacks as it pursues you!
The hound bites you.
There is a stone staircase leading down here.
The hound bites you but does no damage.
Your extra speed is starting to run out.
The hound attacks as it pursues you! The hound barely misses you.
The iguana hisses angrily.
The hound attacks as it pursues you! The hound bites you.
You feel yourself slow down.
There is a stone staircase leading up here.
The hound bites you. The iguana completely misses you.
You climb upwards.
Found a mace and a metallic sapphire potion.
There is a stone staircase leading down here.
As you read the scroll of revelation, it crumbles to dust.
You feel aware of your surroundings.
You sensed 1 altar.
The iguana bites you!
Ouch! That really hurt!
You die...

,,,*,,,*,,***,,,,,,,,,,,<,**
,,,,,,,,,.##...###......,,,***
,**,,*,*,....#####......*,,,,****
***,,,,,,.....###.......**,,,,,,*
**,,,,*....o##.)..!...,,,,,,,,*
*,****......#........,,,**,,,*
***,****...............,,,*,,,**
**,,,,,,*.......l.......,,,*,,,*
,,,**,,,,.......@#......,,**,,**
,,,**,,,,........##.....,,,*,,*
*,,**,***........##.....,,,*,,*
*,,,,,,*,.......##......,,,,,***
,**,*,,*,..#...........#***,,,,*
,*****,,*.#####.........**,,,,**
,,****,,,..####........#***,***
,,,,,,,,,...............,**,*
,,,,,,,,,,,,,,,,,,,,,,,,**,,*


You could see an iguana and an orc (asleep).

Vanquished Creatures
  An orc (D:5)
1 creature vanquished.

Notes
Turn   | Place    | Note
-------+----------+-------------------------------------------
     0 | D:5      | BigDaddyOpFi the Demonspawn Delver began the quest for the
                  | Orb.
     0 | D:5      | Reached XP level 1. HP: 18/18 MP: 1/1
    22 | D:5      | Noticed an iguana
    42 | D:5      | Noticed a hound
   100 | D:4      | Slain by an iguana

Illustrated notes

Levels and vault maps discovered:
D:4:      layout_cave_pools, gammafunk_temple_overflow_arena,
          nicolae_underground_beach
D:5:      layout_cave_pools, okawaru_ov_weapons_minmay,
          nicolae_overflow_hidden_temple, uniq_menkaure

Action                     || total
---------------------------++-------
  Melee: Hand axe          ||     2
    Use: Scroll            ||     1
         Potion            ||     1
 Armour: Leather armour    ||    10
  Dodge: Dodged            ||     8

Table legend: (Time is in decaauts)
 A = Elapsed time spent in this place.
 B = Non-inter-level travel time spent in this place.
 C = Inter-level travel time spent in this place.
 D = Time resting spent in this place.
 E = Time spent auto-exploring this place.
 F = Levels seen in this place.
 G = Mean time per level.
                   A        B        C        D        E       F      G
               +--------+--------+--------+--------+--------+-----+--------+
         Total |     85 |     85 |      0 |      0 |      0 |   2 |   42.5 |
       Dungeon |     85 |     85 |      0 |      0 |      0 |   2 |   42.5 |
               +--------+--------+--------+--------+--------+-----+--------+

Top non-repeatable levels by time:
     D:5: 85 daAuts
     D:4: 0 daAuts
